 Dungeon Crawl Stone Soup version 0.20.0-14-g326068f (webtiles) character file.

6 Chiseanne the Grave Robber (level 1, 15/15 HPs)
             Began as a Demonspawn Wanderer on June 8, 2017.
             Quit the game on level 1 of the Dungeon.
             The game lasted 00:01:03 (237 turns).

Chiseanne the Grave Robber (Demonspawn Wanderer)     Turns: 237, Time: 00:01:04

Health: 15/15      AC:  2    Str: 13    XL:     1   Next: 75%
Magic:  2/2        EV: 11    Int: 14    God:
Gold:   24         SH:  0    Dex: 10    Spells: 1/2 levels left

rFire    . . .     SeeInvis .   k - -2 whip (curse)
rCold    . . .     Gourm    .   (no shield)
rNeg     . . .     Faith    .   d - +0 robe
rPois    .         Spirit   .   (no helmet)
rElec    .         Reflect  .   (no cloak)
rCorr    .         Harm     .   (no gloves)
MR       .....                  (no boots)
Stlth    +.........             (no amulet)
Regen    0.1/turn               (no ring)
MPRegen  0.1/turn               (no ring)

@: no status effects
A: no striking features
a: no special abilities


You were on level 1 of the Dungeon.
You were not hungry.

You visited 1 branch of the dungeon, and saw 1 of its levels.

You collected 24 gold pieces.

Inventory:

Hand Weapons
 e - a +0 club
 k - a cursed -2 whip (weapon)
Missiles
 i - 16 stones (quivered)
Armour
 d - a +0 robe (worn)
Scrolls
 g - a scroll of identify {unknown}
 j - a scroll of blinking {unknown}
Potions
 h - a potion of mutation {unknown}
Books
 a - a book of Minor Magic

   Spells                             Type                      Level
   a - Magic Dart                     Conjuration                  1
   b - Blink                          Translocation                2
   c - Call Imp                       Summoning                    2
   d - Slow                           Hexes                        2
   e - Conjure Flame                  Conjuration/Fire             3
   f - Mephitic Cloud                 Conjuration/Poison/Air       3
 b - the Reference Book on Attacks

   Spells                             Type                      Level
   a - Magic Dart                     Conjuration                  1
   b - Stone Arrow                    Conjuration/Earth            3
 c - Byiga's Tome of Unholy Secrets

   Spells                             Type                      Level
   a - Animate Skeleton               Necromancy                   1
   b - Regeneration                   Charms/Necromancy            3
Comestibles
 f - a bread ration


   Skills:
 - Level 1.0 Fighting
 - Level 1.7 Throwing
 - Level 1.7 Armour
 * Level 1.3 Spellcasting
 * Level 1.0 Conjurations
   Level 3.2 Necromancy
   Level 1.0 Fire Magic


You had one spell level left.
You knew the following spells:

 Your Spells              Type           Power        Failure   Level  Hunger
a - Magic Dart            Conj           #...         17%         1    ##.....


Dungeon Overview and Level Annotations

Branches:
Dungeon (1/15)

Altars:


Message History

Okay, then.
Found a whip.
You now have 24 gold pieces (gained 9).
A frilled lizard comes into view.
The frilled lizard hisses angrily.
You see here a whip.
k - a whip
Casting: Magic Dart
Confirm with . or Enter, or press ? or * to list all spells.
Aiming: Magic Dart
Press: ? - help, Shift-Dir - straight line, f - frilled lizard
Aim: a frilled lizard The magic dart hits the frilled lizard.
You kill the frilled lizard!
Wield which item (- for none, * to show all)? (? for menu, Esc to quit)
It sticks to your hand!
k - a cursed -2 whip (weapon)
Drop what? 11/52 slots (_ for help) (? for menu, Esc to quit)
Okay, then.
Are you sure you want to abandon this character and quit the game? (Confirm with "yes".)

###### ### # #####....
..# #. ........# #.# #
#.# #.#.######.# ..
#.# ###.#........###
.##
#.###...............
.l#
##.##.#.####........
#.###..@....#
#.###.###
#.#.####...####.###.#
#.## #.........##.#
#.#####...####..##.#
#...............##.#
###.######...........#
#...######.######.##>#
#.#........# #.##.#
#.#.######## #.##.###


There were no monsters in sight!

Vanquished Creatures
  An ooze (D:1)
  2 frilled lizards (D:1)
3 creatures vanquished.

Notes
Turn   | Place    | Note
-------+----------+-------------------------------------------
     0 | D:1      | Chiseanne the Demonspawn Wanderer began the quest for the Orb.
     0 | D:1      | Chiseanne set off with: a book of Minor Magic, the Reference Book on Attacks, Byiga's Tome of Unholy Secrets, a +0 robe, a +0 club, a bread ration
     0 | D:1      | Reached XP level 1. HP: 15/15 MP: 2/2
     0 | D:1      | Identified the Reference Book on Attacks
     0 | D:1      | Identified Byiga's Tome of Unholy Secrets
     3 | D:1      | Learned a level 1 spell: Magic Dart
   177 | D:1      | Reached skill level 1 in Conjurations
   237 | D:1      | Quit the game

Skill      XL: |  1 |
---------------+----+-----
Conjurations   | 1 |  1.0
Fighting       | |  1.0
Throwing       | |  1.7
Armour         | |  1.7
Spellcasting   | |  1.3
Necromancy     | |  3.2
Fire Magic     | |  1.0

Action                   || total
-------------------------++-------
Melee: Club              ||     4
 Cast: Magic Dart        ||     3
Armor: Robe              ||     2
Dodge: Dodged            ||     2
